General information
- name: BNet
- type: Ladder team game (AT/RT)
- host: Battle.net
- saver: THELAGHOTEL
map: TurtleRock
- players: 4
- length: 18:03
- speed: Fast
- version: 1.21 W3XP
- replay type: Public
» download(105 KB)
Players
team 1 (loser)
azurine (
orange | 155 APM | 2796 actions | 18:01)
5 Priestess of the Moon
3 Trueshot Aura
2 Searing Arrows
» actions
| Assign group hotkey | 27 | |
| Basic commands | 232 | |
| Build / train | 50 | |
| Enter build submenu | 11 | |
| Enter hero's abilities submenu | 5 | |
| Right click | 1153 | |
| Select / deselect | 317 | |
| Select group hotkey | 961 | |
| Use ability | 39 | |
2796 total
» units
» upgrades
» buildings
| Altar of Elders | 1 | |
| Moon Well | 7 | |
| Ancient of War | 2 | |
| Hunter's Hall | 1 | |
11 total
» build order
00:07 Altar of Elders
00:19 Moon Well
02:01 Ancient of War
02:05 Hunter's Hall
02:12 Ancient of War
02:27 Moon Well
02:31 Moon Well
02:35 Moon Well
02:58 Moon Well
03:42 Moon Well
04:22 Moon Well
» items
| Scroll of Healing | 2 | |
| Scroll of Protection | 1 | |
| Potion of Lesser Invulnerability | 1 | |
4 total

»
Dieu_Otaku (
yellow | 89 APM | 1609 actions | 18:01)
4 Archmage
2 Summon Water Elemental
2 Blizzard
2 Firelord
1 Soul Burn
1 Summon Lava Spawn
» actions
| Assign group hotkey | 89 | |
| Basic commands | 206 | |
| Build / train | 58 | |
| ESC pressed | 2 | |
| Enter build submenu | 22 | |
| Enter hero's abilities submenu | 6 | |
| Right click | 495 | |
| Select / deselect | 441 | |
| Select group hotkey | 254 | |
| Use ability | 36 | |
1609 total
» units
| Peasant | 13 | |
| Footman | 3 | |
| Rifleman | 27 | |
43 total
» upgrades
» buildings
| Barracks | 3 | |
| Farm | 10 | |
| Altar of Kings | 1 | |
| Blacksmith | 1 | |
| Scout Tower | 3 | |
| Arcane Tower | 3 | |
| Keep | 1 | |
22 total
» build order
01:07 Barracks
01:10 Farm
01:14 Altar of Kings
01:50 Farm
02:31 Blacksmith
02:53 Scout Tower
03:16 Farm
03:24 Arcane Tower
03:39 Keep
03:56 Farm
04:10 Scout Tower
04:27 Farm
04:51 Arcane Tower
06:36 Farm
07:58 Farm
09:18 Farm
09:26 Barracks
09:30 Barracks
10:40 Scout Tower
10:43 Farm
11:25 Farm
11:59 Arcane Tower
team 2 (winner)
THELAGHOTEL (
red | 81 APM | 1467 actions | 18:03)
6 Archmage
3 Summon Water Elemental
2 Brilliance Aura
1 Mass Teleport
4 Naga Sea Witch
2 Frost Arrows
2 Forked Lightning
» actions
| Assign group hotkey | 109 | |
| Basic commands | 90 | |
| Build / train | 74 | |
| ESC pressed | 3 | |
| Enter build submenu | 33 | |
| Enter hero's abilities submenu | 11 | |
| Remove unit from queue | 1 | |
| Right click | 627 | |
| Select / deselect | 385 | |
| Select group hotkey | 43 | |
| Use ability | 91 | |
1467 total
» units
| Peasant | 16 | |
| Rifleman | 22 | |
| Mortar Team | 3 | |
41 total
» upgrades
| Long Rifles | 1 | |
| Lumber Harvesting | 1 | |
| Masonry | 1 | |
| Flare | 1 | |
4 total
» buildings
| Altar of Kings | 1 | |
| Farm | 8 | |
| Barracks | 1 | |
| Blacksmith | 1 | |
| Scout Tower | 10 | |
| Arcane Tower | 2 | |
| Lumber Mill | 1 | |
| Keep | 2 | |
| Town Hall | 1 | |
| Guard Tower | 7 | |
| Castle | 1 | |
| Workshop | 3 | |
| Arcane Sanctum | 1 | |
| Arcane Vault | 1 | |
40 total
» build order
00:06 Altar of Kings
00:25 Farm
01:25 Barracks
01:28 Blacksmith
01:37 Farm
01:44 Scout Tower
02:26 Arcane Tower
02:30 Lumber Mill
03:54 Farm
04:57 Keep
05:00 Farm
05:07 Scout Tower
05:21 Scout Tower
05:23 Scout Tower
05:25 Scout Tower
05:46 Town Hall
05:50 Scout Tower
06:28 Guard Tower
06:28 Guard Tower
06:38 Farm
09:37 Scout Tower
09:42 Keep
09:51 Scout Tower
10:06 Guard Tower
10:07 Guard Tower
10:22 Guard Tower
10:25 Scout Tower
10:53 Guard Tower
10:56 Arcane Tower
12:12 Scout Tower
12:42 Guard Tower
14:34 Farm
14:36 Castle
14:42 Workshop
14:58 Workshop
15:18 Farm
16:55 Workshop
17:04 Arcane Sanctum
17:07 Arcane Vault
17:32 Farm
» items
| Scroll of Healing | 1 | |
| Scroll of Town Portal | 1 | |
| Potion of Lesser Invulnerability | 1 | |
| Boots of Speed | 1 | |
4 total
tomcruzondrugs (
teal | 55 APM | 999 actions | 18:02)
3 Blademaster
2 Wind Walk
1 Critical Strike
3 Pandaren Brewmaster
2 Breath of Fire
1 Drunken Haze
» actions
| Assign group hotkey | 23 | |
| Basic commands | 56 | |
| Build / train | 63 | |
| Enter build submenu | 17 | |
| Enter hero's abilities submenu | 6 | |
| Remove unit from queue | 1 | |
| Right click | 575 | |
| Select / deselect | 167 | |
| Select group hotkey | 36 | |
| Use ability | 55 | |
999 total
» units
» upgrades
| Armor | 3 | |
| Berserker Strength | 1 | |
| Pulverize | 1 | |
5 total
» buildings
| Altar of Storms | 1 | |
| Orc Burrow | 6 | |
| Voodoo Lounge | 2 | |
| Barracks | 2 | |
| War Mill | 1 | |
| Watch Tower | 2 | |
| Stronghold | 1 | |
| Fortress | 1 | |
| Tauren Totem | 2 | |
18 total
» build order
00:10 Altar of Storms
00:18 Orc Burrow
00:39 Voodoo Lounge
01:34 Barracks
01:51 Orc Burrow
02:15 Orc Burrow
03:01 War Mill
05:06 Barracks
05:11 Watch Tower
05:15 Orc Burrow
06:38 Stronghold
09:52 Fortress
10:00 Watch Tower
13:03 Tauren Totem
13:13 Tauren Totem
14:35 Orc Burrow
14:41 Orc Burrow
17:25 Voodoo Lounge
» items
| Healing Salve | 3 | |
| Scroll of Speed | 1 | |
| Dust of Appearance | 1 | |
| Lesser Clarity Potion | 2 | |
| Scroll of Healing | 1 | |
8 total
Chat log
(02:49 / All) Dieu_Otaku: }?
(16:30 / All) THELAGHOTEL: gg
(16:37 / All) THELAGHOTEL: =)